 Dungeon Crawl Stone Soup version 0.18-a0-1060-g4fac74f (webtiles) character file.

25 namelastname112 the Magician (level 2, -5/22 HPs)
             Began as a Draconian Wizard on Jan 12, 2016.
             Slain by Natasha (6 damage)
             ... on level 2 of the Dungeon.
             The game lasted 00:01:27 (1040 turns).

namelastname112 the Magician (Draconian Wizard)     Turns: 1040, Time: 00:01:27

Health: -5/22      AC:  4    Str:  9    XL:     2   Next: 82%
Magic:  5/6        EV: 17    Int: 18    God:
Gold:   33         SH:  0    Dex: 14    Spells: 1 memorised, 6 levels left

rFire  . . .     SeeInvis .     d - +0 short sword
rCold  + . .     Gourm    .     (armour unavailable)
rNeg   . . .     Faith    .     (no shield)
rPois  .         Spirit   .     a - +0 hat
rElec  .         Dismiss  .     (no cloak)
rCorr  .         Reflect  .     (no gloves)
SustAt .         Harm     .     (no boots)
MR     .....                    (no amulet)
Stlth  +++.......               (no ring)
                                e - ring of protection from cold

@: agile, slowed, very slow, not resistant to hostile enchantments, fairly
stealthy
A: unfitting armour, cold-blooded, AC +4
a: no special abilities


You were on level 2 of the Dungeon.
You were not hungry.

You visited 1 branch of the dungeon, and saw 2 of its levels.

You collected 33 gold pieces.

Inventory:

Hand Weapons
 d - a +0 short sword (weapon)
Armour
 a - a +0 hat (worn)
Jewellery
 e - a ring of protection from cold (left hand)
Scrolls
 h - a scroll of identify {unknown}
Potions
 g - a potion of agility
 i - 2 potions of flight {unknown}
Books
 b - a book of Minor Magic

   Spells                             Type                      Level
   a - Magic Dart                     Conjuration                  1
   b - Blink                          Translocation                2
   c - Call Imp                       Summoning                    2
   d - Repel Missiles                 Charms/Air                   2
   e - Slow                           Hexes                        2
   f - Conjure Flame                  Conjuration/Fire             3
   g - Mephitic Cloud                 Conjuration/Poison/Air       3
Comestibles
 c - a bread ration
 f - a slice of pizza
 j - a royal jelly


   Skills:
 + Level 0.9 Fighting
 * Level 1.0 Short Blades
 + Level 2.1 Dodging
 * Level 2.3 Stealth
 - Level 3.0 Spellcasting
 - Level 1.0 Conjurations
   Level 1.0 Summonings
   Level 1.0 Translocations


You had 6 spell levels left.
You knew the following spells:

 Your Spells              Type           Power        Failure   Level  Hunger
z - Magic Dart            Conj           #...         12%         1    None


Dungeon Overview and Level Annotations

Branches:
Dungeon (2/15)

Altars:

Annotations:
D:2 Natasha


Innate Abilities, Weirdness & Mutations

Your plain brown scales are hard (AC +4).
Your body does not fit into most forms of armour.
You are cold-blooded and may be slowed by cold attacks.


Message History

You barely miss Natasha.
Natasha is moderately wounded.
Natasha misses you.
You barely miss Natasha.
Natasha is moderately wounded.
Natasha completely misses you. Natasha misses you.
You closely miss Natasha.
Natasha is moderately wounded.
Natasha stares at you and mumbles some strange words.
The magic dart hits you!
* * * LOW HITPOINT WARNING * * *
Casting: Magic Dart
Confirm with . or Enter, or press ? or * to list all spells.
Aiming: Magic Dart
Press: ? - help, Shift-Dir - straight line, f - Natasha
Aim: Natasha (moderately wounded)
The magic dart hits Natasha.
Natasha is heavily wounded.
Natasha closely misses you. Natasha claws you.
You die...

.########..#...(.....##...
....................h.....
.########.###.............
## #..# ######)#..... #.##
###..# ... #.######...## .
#........###
#.......h######...
........@........
.................
.........#.......
.......##........ .......
........ ....... ........
.###### ........ ........


You could see Natasha.

Vanquished Creatures
  A giant gecko (D:1)
  2 bats (D:1)
  2 goblins (D:1)
  5 hobgoblins (D:1)
  3 jackals (D:1)
  3 kobolds
  A ball python (D:1)
  2 giant newts (D:1)
  A rat (D:1)
20 creatures vanquished.

Vanquished Creatures (others)
  5 toadstools (D:1)
5 creatures vanquished.

Grand Total: 25 creatures vanquished

Notes
Turn   | Place    | Note
--------------------------------------------------------------
     0 | D:1      | namelastname112 the Draconian Wizard began the quest for the Orb.
     0 | D:1      | Reached XP level 1. HP: 14/14 MP: 4/4
   252 | D:1      | Reached XP level 2. HP: 17/22 MP: 6/6
   857 | D:1      | Reached skill level 1 in Short Blades
  1023 | D:2      | Noticed Natasha
  1039 | D:2      | HP: 1/22 [Natasha/magic dart (6)]
  1040 | D:2      | Slain by Natasha

Vault maps used:
D:1:      ldierk_walled_garden
D:2:      grunt_temple_overflow_open, nrook_loot_triangle, uniq_natasha

Action                   || total
-------------------------++-------
Melee: Short sword       ||    56
 Cast: Magic Dart        ||    13
  Use: Potion            ||     1
 Stab: Sleeping          ||     1
